 Dungeon Crawl Stone Soup version 0.27-a0-679-g77a6b55cf3 (webtiles) character file.

Game seed: 4600664056089223260

28 Foxy the Shield-Bearer (level 2, 0/26 HPs)
             Began as a Demigod Fighter on Mar 19, 2021.
             Succumbed to a goblin's poison
             ... on level 2 of the Dungeon.
             The game lasted 00:01:04 (1376 turns).

Foxy the Shield-Bearer (Demigod Fighter)            Turns: 1376, Time: 00:01:04

Health: 0/26       AC:  6    Str: 17    XL:     2   Next: 75%
Magic:  4/4        EV:  7    Int: 10    God:
Gold:   48         SH:  9    Dex: 13    Spells: 1/1 levels left

rFire    . . .     SeeInvis .   a - +0 rapier
rCold    . . .     Faith    .   c - +0 kite shield
rNeg     . . .     Spirit   .   b - +0 scale mail
rPois    .         Reflect  .   (no helmet)
rElec    .         Harm     .   (no cloak)
rCorr    .         Rampage  .   (no gloves)
Will     .....                  (no boots)
Stlth    ..........             (no amulet)
HPRegen  0.08/turn              (no ring)
MPRegen  0.09/turn              (no ring)

@: lethally poisoned (0 -> -9)
A: high mp 1, forlorn
a: no special abilities


You were on level 2 of the Dungeon.
You visited 1 branch of the dungeon, and saw 2 of its levels.

You collected 48 gold pieces.

Inventory:

Hand Weapons
 a - a +0 rapier (weapon)
 j - a +2 dagger of venom
Armour
 b - a +0 scale mail (worn)
 c - a +0 kite shield (worn)
Scrolls
 e - a scroll of identify {unknown}
 f - a scroll of acquirement {unknown}
 g - a scroll of teleportation {unknown}
 h - 2 scrolls of immolation {unknown}
 i - a scroll of enchant weapon {unknown}
Potions
 d - a potion of might


   Skills:
 + Level 3.0 Fighting
 * Level 2.5 Short Blades
 - Level 2.6 Armour
 + Level 3.0 Shields


You had one spell level left.
You didn't know any spells.
Your spell library was empty.

Dungeon Overview and Level Annotations

Branches:
Dungeon (2/15)

Annotations:
D:2 Robin


Innate Abilities, Weirdness & Mutations

Your attributes grow dramatically as you level up.
You have an increased reservoir of magic. (+10% MP)
You shall have no god before yourself.


Message History

You are lethally poisoned!
The goblin hits you but does no damage.
You hit the goblin.
The goblin is severely wounded.
You feel sick. You block the goblin's attack.
You hit the goblin.
You kill the goblin!
You feel sick.
You feel sick.
Items here: )) ††.
j - a +2 dagger of venom You feel sick.
Okay, then.
You feel sick.
There is a stone staircase leading down here.
Okay, then.
You feel sick.
You climb downwards.
Level annotation: Robin You feel sick.
Robin roars a battlecry!
The goblins go into a battle-frenzy!
The hobgoblin hits you with a +0 club!
* * * LOW HITPOINT WARNING * * *
There is a stone staircase leading up here.
You hit the hobgoblin.
The hobgoblin is almost dead.
* * * LOW HITPOINT WARNING * * *
You feel sick. The hobgoblin barely misses you.
A kobold comes into view. It is wielding a +0 club.
You block the hobgoblin's attack. The hobgoblin hits you with a +0 club.
* * * LOW HITPOINT WARNING * * *
The hobgoblin barely misses you.
You hit the hobgoblin.
You kill the hobgoblin!
* * * LOW HITPOINT WARNING * * *
You feel sick. You block the hobgoblin's attack.
You closely miss the hobgoblin.
The hobgoblin is almost dead.
You die...

# #. gg ### #g
##@# .#
#.##.##g#g..#
#ggg..gK.#.#..#
..g#####g.....##
##.##### ##


You could see Robin, a hobgoblin (strong), 2 goblins and a kobold.

Vanquished Creatures
  An ooze (D:1)
  A dart slug (D:1)
  A leopard gecko (D:1)
  6 goblins (D:1)
  5 hobgoblins
  2 bats (D:1)
  A rat (D:1)
17 creatures vanquished.

Notes
Turn   | Place    | Note
-------+----------+-------------------------------------------
     0 | D:1      | Foxy the Demigod Fighter began the quest for the Orb.
     0 | D:1      | Reached XP level 1. HP: 18/18 MP: 3/3
   367 | D:1      | Reached XP level 2. HP: 21/25 MP: 4/4
  1122 | D:2      | Noticed Robin
  1375 | D:2      | HP: 1/26 [poisoned by a goblin]
  1376 | D:2      | Succumbed to a goblin's poison

Illustrated notes

Levels and vault maps discovered:
D:1:      onia_arrival_mini_maze, layout_basic
D:2:      layout_loops_cross, lemuel_round_altar, nicolae_vehumet_altar_sigil,
          uniq_robin

Skill      XL: |  1  2 |
---------------+-------+-----
Short Blades   | 2 |  2.5
Shields        | 3 |  3.0
Fighting       | 3 |  3.0
Armour         | |  2.6

Action                   || total
-------------------------++-------
Melee: Rapier            ||    61
Armor: Scale mail        ||    19
Dodge: Dodged            ||    22
Block: Kite shield       ||    39

Table legend: (Time is in decaauts)
 A = Elapsed time spent in this place.
 B = Non-inter-level travel time spent in this place.
 C = Inter-level travel time spent in this place.
 D = Time resting spent in this place.
 E = Time spent auto-exploring this place.
 F = Levels seen in this place.
 G = Mean time per level.
                   A        B        C        D        E       F      G
               +--------+--------+--------+--------+--------+-----+--------+
         Total |   1399 |   1394 |      5 |    207 |   1045 |   2 |  699.5 |
       Dungeon |   1399 |   1394 |      5 |    207 |   1045 |   2 |  699.5 |
               +--------+--------+--------+--------+--------+-----+--------+

Top non-repeatable levels by time:
     D:1: 1374 daAuts
     D:2: 25 daAuts
